 Dungeon Crawl Stone Soup version 0.23.2-1-ga50397a (webtiles) character file.

Game seed: 8077257261551319053

8919 varam the Cruncher (level 11, -13/86 HPs)
             Began as a Human Gladiator on Apr 20, 2019.
             Was an Initiate of Gozag.
             Mangled by a death yak (32 damage)
             ... on level 11 of the Dungeon on May 5, 2019.
             The game lasted 00:40:23 (10451 turns).

varam the Cruncher (Human Gladiator)               Turns: 10451, Time: 00:40:24

Health: -13/86     AC:  9    Str: 14    XL:     11   Next: 64%
Magic:  17/17      EV: 19    Int:  9    God:    Gozag
Gold:   892        SH:  0    Dex: 22    Spells: 10/10 levels left

rFire    . . .     SeeInvis .   t - +4 quarterstaff (chaos)
rCold    . . .     Gourm    .   (shield currently unavailable)
rNeg     + . .     Faith    .   o - +2 robe {rN+}
rPois    .         Spirit   .   c - +0 helmet
rElec    .         Reflect  .   u - +0 cloak
rCorr    .         Harm     +   D - +2 pair of gloves
MR       .....                  (no boots)
Stlth    ++........             U - amulet of harm
HPRegen  0.24/turn              T - +4 ring of dexterity
MPRegen  0.15/turn              M - ring of flight

@: hasted, very quick
A: no striking features
a: Potion Petition, Call Merchant, Bribe Branch, Renounce Religion, Evoke Flight


You were on level 11 of the Dungeon.
You worshipped Gozag.
Gozag was pleased with you.
You were hungry.

You visited 1 branch of the dungeon, and saw 11 of its levels.

You collected 2074 gold pieces.
You spent 450 gold pieces at shops.
You paid 732 gold pieces to Gozag.

Inventory:

Hand Weapons
 k - a +0 hunting sling
 t - a +4 quarterstaff of chaos (weapon)
Missiles
 d - a throwing net
 i - 67 sling bullets
 m - 170 stones (quivered)
Armour
 c - a +0 helmet (worn)
 o - a +2 robe of positive energy (worn)
 u - a +0 cloak (worn)
 D - a +2 pair of gloves (worn)
 P - a +1 robe of magic resistance
Magical Staves
 O - an uncursed staff of energy
Jewellery
 z - an uncursed ring of ice
 G - an uncursed amulet of guardian spirit
 J - an uncursed amulet of faith
 M - a ring of flight (right hand)
 T - a +4 ring of dexterity (left hand)
 U - an amulet of harm (around neck)
 V - a +2 ring of dexterity
Wands
 l - a wand of polymorph (12)
 E - a wand of acid (14)
 H - a wand of enslavement (10)
 L - a wand of paralysis (9)
 N - a wand of flame (37)
Scrolls
 a - a scroll of brand weapon
 b - a scroll of enchant armour {unknown}
 e - 2 scrolls of noise
 g - 5 scrolls of teleportation
 h - 2 scrolls of magic mapping {unknown}
 j - a scroll of identify
 n - 5 scrolls of remove curse
 q - a scroll of random uselessness {unknown}
 r - 3 scrolls of enchant weapon
 v - a scroll of holy word
 x - a scroll of immolation
 y - a scroll of fog
 I - a scroll of amnesia {unknown}
 K - a scroll of fear {unknown}
 R - 2 scrolls of torment {unknown}
Potions
 p - 2 potions of ambrosia {unknown}
 s - 10 potions of degeneration
 A - a potion of lignification
 B - a potion of brilliance
 C - 2 potions of mutation {unknown}
 F - a potion of flight
 Q - a potion of invisibility {unknown}
 S - a potion of curing {unknown}
 W - a potion of heal wounds {unknown}
Comestibles
 f - 19 rations


   Skills:
 - Level 8.0 Fighting
 + Level 11.5 Staves
 - Level 2.0 Throwing
 - Level 8.0 Dodging
 - Level 8.0 Evocations


You had 10 spell levels left.
You didn't know any spells.
Your spell library contained the following spells:

 Spells                   Type           Power        Failure   Level  Hunger
 Confusing Touch          Hex            #.....       38%         1    ##.....
 Sandblast                Erth           #.....       38%         1    ##.....
 Passwall                 Tmut/Erth      #.......     52%         2    ###....
 Confuse                  Hex            #.......     77%         3    ####...
 Gell's Gravitas          Tloc           #.........   77%         3    ####...
 Stone Arrow              Conj/Erth      #.....       77%         3    ####...
 Petrify                  Tmut/Erth      #.......     99%         4    #####..
 Lee's Rapid Deconstruct  Erth           #.........   100%        5    ######.
 Metabolic Englaciation   Hex/Ice        #.........   100%        5    ######.
 Yara's Violent Unravell  Hex/Tmut       #.........   100%        5    ######.


Dungeon Overview and Level Annotations

Branches:
Dungeon (11/15)            Temple (0/1) D:6             Orc (0/2) D:9
   Lair: D:8-11

Altars:
Ashenzari
Dithmenos
Gozag
Makhleb
Ru
Sif Muna
Trog
Vehumet
Xom
The Shining One

Shops:
D:4 %   D:6 }   D:7 *   D:10 *


Message History

You climb downwards.
Reactivating autopickup.
There is a stone staircase leading up here.
There is a strange disturbance nearby!
Okay, then.
Deactivating autopickup; reactivate with Ctrl-A.
You thump something! Something gores you.
You hit something but do no damage. Something gores you!
A death yak appears from thin air!
Reactivating autopickup.
You hit the death yak. You freeze the death yak.
The death yak is heavily wounded.
The death yak gores you!
You hit the death yak. You freeze the death yak.
The death yak is heavily wounded.
The death yak gores you!
* * * LOW HITPOINT WARNING * * *
You feel yourself speed up. The death yak gores you!!
You die...
Your body crumbles into a pile of gold.

..# #.......# ..#
#.......# ..#
#.#####.#
..########.# #.#
###........# #.#
...........# #.#
##.....<...# #.#
#..#......# #.#
#.........# #@#
##.........# #Y#
...........#####.#
.................#
##################


You could see a death yak.

Vanquished Creatures
  A two-headed ogre (D:8)
  A death yak (D:10)
  An ugly thing (D:11)
  A guardian serpent (D:9)
  Psyche (D:10)
  A gargoyle (D:11)
  A troll (D:11)
  A hornet (D:11)
  Sigmund (D:3)
  A wyvern (D:11)
  A hungry ghost (D:8)
  Duvessa (D:6)
  An ice beast (D:7)
  6 orc warriors
  2 sky beasts
  A swamp drake (D:9)
  3 ogres
  4 phantoms
  A black bear (D:6)
  8 centaurs
  2 crocodiles
  2 big kobolds
  4 bullfrogs
  Dowan (D:6)
  3 scorpions (D:8)
  2 wyvern skeletons (D:11)
  A water moccasin skeleton (D:4)
  7 killer bees
  2 howler monkeys (D:6)
  10 crimson imps
  2 centaur zombies
  A quasit (D:10)
  5 hounds
  3 orc priests
  Crazy Yiuf (D:2)
  12 orc wizards
  4 worker ants
  4 iguanas
  2 hound skeletons
  2 worker ant zombies
  17 adders
  4 shadow imps
  An ooze (D:1)
  3 adder skeletons
  2 worms
  5 dart slugs
  5 leopard geckos
  56 orcs
  4 ball pythons
  4 giant cockroaches
  11 goblins
  11 hobgoblins
  2 jackals (D:11)
  5 quokkas
  4 bats
  4 frilled lizards
  14 kobolds
  A quokka zombie (D:5)
  9 rats
270 creatures vanquished.

Vanquished Creatures (others)
  A wyvern zombie (D:6)
1 creature vanquished.

Grand Total: 271 creatures vanquished

Notes
Turn   | Place    | Note
-------+----------+-------------------------------------------
     0 | D:1      | varam the Human Gladiator began the quest for the Orb.
     0 | D:1      | Reached XP level 1. HP: 16/16 MP: 1/1
   253 | D:1      | Reached XP level 2. HP: 22/22 MP: 2/2
   620 | D:1      | Reached skill level 4 in Staves
   620 | D:1      | Reached XP level 3. HP: 27/27 MP: 3/3
   897 | D:2      | Found a sacrificial altar of Ru.
  1142 | D:1      | Reached XP level 4. HP: 14/33 MP: 4/4
  1433 | D:2      | Reached skill level 5 in Staves
  1749 | D:2      | Reached XP level 5. HP: 9/39 MP: 5/5
  2019 | D:2      | Found a shimmering altar of Xom.
  2280 | D:2      | Reached skill level 3 in Fighting
  2509 | D:2      | Found a runed translucent door.
  2510 | D:2      | Noticed Crazy Yiuf
  2942 | D:3      | Found an opulent altar of Gozag.
  2948 | D:3      | Became a worshipper of Gozag Ym Sagoz the Greedy
  2985 | D:3      | Found a burning altar of Makhleb.
  3059 | D:3      | Noticed Sigmund
  3079 | D:3      | Killed Sigmund
  3079 | D:3      | Reached skill level 5 in Fighting
  3079 | D:3      | Reached XP level 6. HP: 30/51 MP: 6/6
  3376 | D:4      | Reached XP level 7. HP: 38/56 MP: 7/7
  3615 | D:4      | Found a bloodstained altar of Trog.
  3647 | D:4      | Reached skill level 6 in Fighting
  3925 | D:4      | Found Plog's Food Boutique.
  4141 | D:2      | Killed Crazy Yiuf
  4198 | D:5      | Entered Level 5 of the Dungeon
  4376 | D:5      | Reached XP level 8. HP: 43/65 MP: 8/8
  4407 | D:5      | Reached skill level 7 in Fighting
  4639 | D:5      | Reached skill level 4 in Dodging
  5175 | D:6      | Noticed Duvessa
  5201 | D:6      | Killed Duvessa
  5201 | D:6      | Reached skill level 6 in Staves
  5201 | D:6      | Reached skill level 5 in Dodging
  5211 | D:6      | Noticed Dowan
  5220 | D:6      | Killed Dowan
  5281 | D:6      | Reached XP level 9. HP: 58/73 MP: 9/9
  5332 | D:6      | Reached skill level 6 in Dodging
  5363 | D:6      | the wyvern zombie is devoured by a tear in reality.
  5417 | D:6      | Found a staircase to the Ecumenical Temple.
  5610 | D:6      | Found Ufuefevo's Gadget Shop.
  5621 | D:6      | Bought a wand of acid (8) for 360 gold pieces
  5995 | D:7      | Reached skill level 8 in Fighting
  6056 | D:7      | Found Aloel's General Store.
  6057 | D:7      | Found a shadowy altar of Dithmenos.
  6103 | D:7      | Bought a scroll of remove curse for 45 gold pieces
  6103 | D:7      | Bought a scroll of teleportation for 45 gold pieces
  6195 | D:7      | Reached skill level 7 in Dodging
  6233 | D:7      | Reached skill level 7 in Staves
  6503 | D:8      | Reached skill level 8 in Dodging
  6614 | D:8      | Reached skill level 1 in Evocations
  6620 | D:8      | Reached XP level 10. HP: 63/80 MP: 9/11
  6626 | D:8      | HP: 6/80 [orc warrior/+0 glaive (24)]
  6897 | D:9      | Reached skill level 2 in Evocations
  6937 | D:9      | Reached skill level 8 in Staves
  7024 | D:8      | Reached skill level 3 in Evocations
  7419 | D:8      | Reached skill level 4 in Evocations
  7444 | D:8      | Noticed a two-headed ogre
  7450 | D:8      | Killed a two-headed ogre
  7450 | D:8      | Reached skill level 9 in Staves
  7461 | D:8      | Found a shattered altar of Ashenzari.
  7597 | D:8      | Reached skill level 5 in Evocations
  7703 | D:8      | Found a deep blue altar of Sif Muna.
  7862 | D:9      | Found a staircase to the Orcish Mines.
  8310 | D:9      | Found a glowing golden altar of the Shining One.
  8491 | D:9      | Found a radiant altar of Vehumet.
  8631 | D:9      | Found a shadowy altar of Dithmenos.
  8680 | D:9      | Noticed Erica
  8682 | D:9      | Noticed Erica
  8682 | D:9      | Erica changed into Erica the guardian serpent
  8694 | D:9      | HP: 7/80 [Erica the guardian serpent/bolt of poison (4)]
  8695 | D:9      | Killed Erica the guardian serpent
  8695 | D:9      | Reached skill level 6 in Evocations
  8784 | D:10     | Entered Level 10 of the Dungeon
  8906 | D:10     | Noticed Psyche
  8912 | D:10     | Killed Psyche
  8912 | D:10     | Reached skill level 10 in Staves
  8912 | D:10     | Reached XP level 11. HP: 70/86 MP: 15/15
  8968 | D:10     | Noticed a death yak
  8970 | D:10     | Noticed a death yak
  9075 | D:10     | Killed a death yak
  9075 | D:10     | Reached skill level 7 in Evocations
  9847 | D:11     | Noticed a white ugly thing
  9865 | D:11     | Killed a white ugly thing
  9878 | D:11     | Paralysed by a hornet for 1 turns
  9928 | D:11     | Reached skill level 8 in Evocations
  9988 | D:11     | Reached skill level 11 in Staves
 10265 | D:10     | Found Mowniuze's General Store.
 10417 | D:10     | Noticed a death yak
 10451 | D:11     | Mangled by a death yak

Skill      XL: |  1  2  3  4  5  6  7  8  9 10 11 |
---------------+----------------------------------+-----
Staves         | 4 5 6 7 10 11 | 11.5
Fighting       | 5 6 7 8 |  8.0
Dodging        | 5 8 |  8.0
Evocations     | 1 6 8 |  8.0
Throwing       | |  2.0

Action                   |  1- 3 |  4- 6 |  7- 9 | 10-12 || total
-------------------------+-------+-------+-------+-------++-------
Melee: Quarterstaff      |   106 |   148 |   286 |   371 ||   911
Throw: Throwing net      |       |     2 |     3 |     2 ||     7
       Stone             |       |       |       |     8 ||     8
Invok: Potion Petition   |       |       |     2 |     1 ||     3
Evoke: Wand              |       |       |       |    14 ||    14
  Use: Potion            |       |     4 |       |     1 ||     5
       Scroll            |       |       |     8 |     1 ||     9
 Stab: Sleeping          |     3 |     1 |     3 |     2 ||     9
       Held in net/web   |       |     2 |     5 |     1 ||     8
       Distracted        |       |       |     3 |     1 ||     4
       Paralysed         |       |       |       |    23 ||    23
       Confused          |       |       |       |     3 ||     3
  Eat: Chunk             |     1 |     6 |       |       ||     7
       Ration            |       |       |     3 |     4 ||     7
Armor: Leather armour    |    20 |    11 |       |       ||    31
       Skin              |       |    19 |       |       ||    19
       Robe              |       |     4 |    49 |    58 ||   111
Dodge: Dodged            |    76 |    84 |   191 |   241 ||   592
